 Dungeon Crawl Stone Soup version 0.25.0 (webtiles) character file.

Game seed: 9648106931673776823

96 Masnef the Vexing (level 4, -2/33 HPs)
             Began as a Barachi Arcane Marksman on June 13, 2020.
             Slain by Natasha (5 damage)
             ... on level 2 of the Dungeon.
             The game lasted 00:20:34 (2033 turns).

Masnef the Vexing (Barachi Arcane Marksman)         Turns: 2033, Time: 00:20:35

Health: -2/33      AC:  2    Str: 12    XL:     4   Next: 67%
Magic:  7/7        EV: 13    Int: 13    God:
Gold:   86         SH:  0    Dex: 13    Spells: 4/7 levels left

rFire    + . .     SeeInvis .   a - +0 hunting sling
rCold    + . .     Gourm    .   (no shield)
rNeg     . . .     Faith    .   e - +0 robe
rPois    +         Spirit   .   (no helmet)
rElec    +         Reflect  .   (no cloak)
rCorr    +         Harm     .   (no gloves)
MR       .....                  (no boots)
Stlth    +.........             (no amulet)
HPRegen  0.11/turn              (no ring)
MPRegen  0.10/turn              (no ring)

@: about to teleport, resistant, can't hop, hasted and slowed, slow
A: +LOS, swims, slowness 1, strong legs 1
a: Hop


You were on level 2 of the Dungeon.
You were not hungry.

You visited 1 branch of the dungeon, and saw 2 of its levels.

You collected 86 gold pieces.

Inventory:

Hand Weapons
 a - a +0 hunting sling (weapon)
 k - a +3 dagger of speed
 m - a +0 short sword
Missiles
 d - 9 sling bullets (quivered)
 l - 81 stones
Armour
 e - a +0 robe (worn)
Scrolls
 h - a scroll of fog {unknown}
 i - a scroll of magic mapping
Potions
 g - a potion of brilliance {unknown}
 o - a potion of stabbing {unknown}
Comestibles
 c - a chunk of flesh
 f - 2 rations


   Skills:
 + Level 2.2 Fighting
 + Level 1.3 Short Blades
 + Level 2.5 Slings
 + Level 3.0 Dodging
 + Level 2.0 Spellcasting
 + Level 3.9 Hexes


You had 4 spell levels left.
You knew the following spells:

 Your Spells              Type           Power        Failure   Level  Hunger
a - Corona                Hex            ##.....      5%          1    ##.....
b - Slow                  Hex            ##......     8%          2    ###....

Your spell library contained the following spells:

 Spells                   Type           Power        Failure   Level  Hunger
 Inner Flame              Hex/Fire       #.......     34%         3    ####...
 Portal Projectile        Hex/Tloc       #.....       34%         3    ####...
 Cause Fear               Hex            ##........   45%         4    #####..
 Leda's Liquefaction      Hex/Erth       #.........   75%         4    #####..


Dungeon Overview and Level Annotations

Branches:
Dungeon (2/15)

Altars:

Annotations:
D:2 Natasha


Innate Abilities, Weirdness & Mutations

You can be seen from farther away. (+LOS)
You can swim through water.
You cover ground slowly.
You can hop short distances.


Message History

* * * LOW HITPOINT WARNING * * *
There is a stone staircase leading up, spattered with blood here.
It was a potion of resistance.
You feel protected. Natasha closely misses you.
You feel yourself speed up. Natasha casts a spell at you.
You feel yourself slow down. Natasha misses you. The crimson imp hits you.
* * * LOW HITPOINT WARNING * * *
The crimson imp blinks!
Natasha completely misses you.
The crimson imp disappears in a puff of smoke!
Natasha casts a spell.
The crimson imp blinks!
As you read the scroll of teleportation, it crumbles to dust.
You feel strangely unstable.
Natasha extends her claws.
Natasha claws you.
You die...

#.#####.###.#.#.# #.#
#.###.#.#.##########
#.#####..<#.#.#...........
#.........#.#.############
#########.#.#.# #.#.#.#
#.# #h# #@# #.# #.# #.#
#.# #.# #.# #.# #.#


You could see Natasha.

Vanquished Creatures
  Natasha (twice) (D:2)
  2 adders (D:2)
  An ooze (D:1)
  An orc (D:2)
  2 ball pythons
  2 giant cockroaches (D:1)
  A goblin (D:1)
  3 hobgoblins (D:1)
  7 bats
  A frilled lizard (D:2)
  4 kobolds
  3 rats (D:1)
29 creatures vanquished.

Notes
Turn   | Place    | Note
-------+----------+-------------------------------------------
     0 | D:1      | Masnef the Barachi Arcane Marksman began the quest for the
                  | Orb.
     0 | D:1      | Reached XP level 1. HP: 15/15 MP: 2/2
   179 | D:1      | Reached XP level 2. HP: 21/21 MP: 1/3
   592 | D:1      | Reached XP level 3. HP: 27/27 MP: 5/5
   676 | D:1      | Learned a level 2 spell: Slow
  1146 | D:2      | Noticed Natasha
  1156 | D:2      | Killed Natasha
  1276 | D:2      | Noticed Natasha
  1411 | D:2      | Reached skill level 1 in Short Blades
  1487 | D:2      | Reached XP level 4. HP: 33/33 MP: 6/6
  1647 | D:2      | Killed Natasha
  2009 | D:2      | Noticed Natasha
  2033 | D:2      | Slain by Natasha

Illustrated notes

Levels and vault maps discovered:
D:1:      wander_arrival_lonely_grave, layout_rooms
D:2:      layout_basic, uniq_natasha

Skill      XL: |  1  2  3  4 |
---------------+-------------+-----
Fighting       | 2 |  2.2
Short Blades   | 1 |  1.3
Dodging        | 3 |  3.0
Spellcasting   | 2 |  2.0
Slings         | |  2.5
Hexes          | |  3.9

Action                   |  1- 3 |  4- 6 || total
-------------------------+-------+-------++-------
Melee: Unarmed           |     4 |       ||     4
       Dagger            |     2 |    15 ||    17
 Fire: Hunting sling     |    84 |     1 ||    85
Throw: Stone             |     1 |       ||     1
 Cast: Corona            |    13 |     2 ||    15
 Abil: Hop               |     2 |     1 ||     3
  Use: Scroll            |     6 |     1 ||     7
       Potion            |     2 |     2 ||     4
  Eat: Ration            |     1 |       ||     1
       Chunk             |       |     1 ||     1
Armor: Robe              |    21 |       ||    21
Dodge: Dodged            |    48 |    14 ||    62
